cohdb
Replays
Latest Replays
All Replays
Popular Replays
Top Player Replays
Match Explorer
How It Works
Community
CoH3 Stats
Reddit
Sign in to upload your games and track your stats! →
Sign in with Steam
Match 42260088
Unlisted
Match 42260088
Overview
Messages
Build Orders
End
Vickers Machine Gun Team
Construct Section Command Post
Selects Air and Sea Battlegroup
ML 3-inch Mortar Team
Royal Engineer Section
Construct Field Infirmary
Royal Engineer Section
Selects Supply Surplus
Infantry Section
Grenade Package
Construct Platoon Command Post
Unlock M3 Stuart Light Tanks
M3 Stuart Light Tank
Vickers Machine Gun Team
Vickers Machine Gun Team
CMP 15cwt Truck
Infantry Training
Selects UNKNOWN (223837)
6-pounder Anti-tank Gun Team
Forward Retreat Point
Construct Company Command Post
Selects Commando Section Paradrop
Selects Commando Support Section Paradrop
Team Weapon Training
Commando Support Section Paradrop
Royal Engineer Section
Vickers Machine Gun Team
Centaur IV Medium Tank
Selects Anti-tank Rocket Loiter
Crusader II Medium Tank
Anti-tank Rocket Loiter
Atomic Floyd
Microsoft Outlook
deadsadbadmad
Alessandro-9891
1º Fallschirm Pz Div ✠
ROGUE ONE
Humongous
Torus
0
0
Comments
sign in to comment!
No comments posted yet!